 Dungeon Crawl Stone Soup version 0.29-a0-876-gfc89b1a5bd (webtiles) character file.

Game seed: 3193095312449496584

1380 zeratav the Tainter (level 8, -1/46 HPs)
             Began as an Octopode Venom Mage on July 19, 2022.
             Was an Initiate of Gozag.
             Engulfed by a steam dragon's steam (2 damage)
             ... on level 7 of the Dungeon.
             The game lasted 00:14:13 (7294 turns).

zeratav the Tainter (Octopode Venom Mage)           Turns: 7294, Time: 00:14:14

Health: -1/46      AC:  1    Str:  7    XL:     8   Next: 66%
Magic:  10/11      EV: 13    Int: 20    God:    Gozag
Gold:   717        SH:  0    Dex: 18    Spells: 0/11 levels left

rFire   . . .      SeeInvis .   i - +0 dagger {short}
rCold   . . .      Faith    .   (no shield)
rNeg    . . .      Spirit   .   (helmet restricted)
rPois   .          Reflect  .   j - amulet of magic regeneration {@e2}
rElec   .          Harm     .   r - +6 ring of dexterity
rCorr   .          Rampage  .   (no ring)
Will    .....                   (no ring)
Stlth   ++++......              (no ring)
HPRegen 0.15/turn               (no ring)
MPRegen 0.52/turn               (no ring)
                                (no ring)
                                (no ring)

@: no status effects
A: almost no armour, amphibious, 8 rings, camouflage 1, gelatinous body 1,
(nimble swimmer 1), tentacles
a: Renounce Religion, Potion Petition, Call Merchant, Bribe Branch


You were on level 7 of the Dungeon.
You worshipped Gozag.
Gozag was pleased with you.
You visited 1 branch of the dungeon, and saw 7 of its levels.

You collected 772 gold pieces.
You paid 55 gold pieces to Gozag.


Innate Abilities, Weirdness & Mutations

You cannot wear most types of armour.
You are amphibious.
You can wear up to eight rings at the same time.
Your skin changes colour to match your surroundings (Stealth+).
Your rubbery body absorbs attacks. (AC +1, EV +1)
((You are camouflaged when in or above water. (Stealth+)))
You have tentacles for arms and can constrict up to eight enemies at once.


   Skills:
 - Level 2.0 Dodging
 - Level 5.0 Stealth
 - Level 2.0 Spellcasting
 - Level 1.0 Transmutations
 + Level 6.0 Air Magic
 - Level 10.0 Poison Magic


You couldn't memorise any spells.
You knew the following spells:

 Your Spells              Type           Power      Damage    Failure   Level
a - Sting                 Tmut/Pois      96%        1d7       1%          1
b - Poisonous Vapours     Pois/Air       68%        N/A       1%          2
c - Olgreb's Toxic Radia  Pois           42%        N/A       2%          4
d - Airstrike             Air            13%        0-5+      13%         4

Your spell library contained the following spells:

 Spells                   Type           Power      Damage    Failure   Level
 Shock                    Conj/Air       56%        1d6       4%          1
 Swiftness                Air            26%        N/A       4%          3
 Mephitic Cloud           Conj/Pois/Air  23%        N/A       5%          3
 Static Discharge         Conj/Air       14%        3-5/arc   7%          2
 Apportation              Tloc           4%         N/A       16%         1
 Alistair's Intoxication  Tmut/Pois      16%        N/A       41%         5
 Tukima's Dance           Hex            2%         N/A       43%         3
 Lightning Bolt           Conj/Air       7%         1d19      77%         5
 Passage of Golubria      Tloc           2%         N/A       83%         4
 Eringya's Noxious Bog    Tmut/Pois      12%        N/A       94%         6
 Yara's Violent Unravell  Hex/Tmut       2%         3d3       98%         5
 Borgnjor's Vile Clutch   Necr/Erth      1%         N/A       99%         5
 Maxwell's Capacitive Co  Air            13%        ∞         100%        8

Inventory:

Hand Weapons
 i - a +0 dagger (weapon) {short}
   (You took it off a goblin on level 1 of the Dungeon)
Missiles
 w - 6 curare-tipped darts {=fthrowing}
Jewellery
 j - an amulet of magic regeneration (around mantle) {@e2}
   (You took it off a kobold on level 2 of the Dungeon)
 m - an amulet of regeneration {@e2}
   (You found it on level 3 of the Dungeon)
 r - a +6 ring of dexterity (left tentacle)
   (You found it on level 4 of the Dungeon)
Wands
 o - a wand of quicksilver (4)
   (You found it on level 5 of the Dungeon)
 q - a wand of paralysis (6)
   (You found it on level 4 of the Dungeon)
Scrolls
 g - 2 scrolls of identify {unknown}
 h - 2 scrolls of fear
 s - a scroll of silence {unknown}
 t - a scroll of enchant weapon {unknown}
 x - a scroll of magic mapping {!r}
Potions
 a - a potion of magic
 b - a potion of flight {unknown}
 c - 2 potions of might {unknown}
 d - a potion of experience {unknown}
 e - a potion of brilliance {unknown}
 f - 5 potions of curing {@q1}
 k - a potion of cancellation {unknown}
 l - a potion of attraction {unknown}
 n - a potion of haste {unknown}
 p - a potion of resistance {unknown}
 u - a potion of mutation {unknown}
 v - 2 potions of heal wounds {unknown}

Dungeon Overview and Level Annotations

Branches:
Dungeon (7/15) Zot: 26967
 Temple: D:4-7

Altars:
Gozag

Annotations:
D:1 exclusion: downstairs
D:3 3 runed translucent doors, Grinder; kkgakdfjhgaksdf's ghost, amateur DgCj
D:4 exclusion: lemure
D:5 exclusion: downstairs

###
#<#
#§#
#@#
#§#
#§#
#§#
#.#
#.#
#D#
###.#
#...#


There were no monsters in sight!


Message History

You hit the hound.
You kill the hound!
No target in view!
You now have 698 gold pieces (gained 5).
v - 2 brown potions (gained 1)
You now have 706 gold pieces (gained 8).
A jelly comes into view.
HP[+6] MP[+2]
Your hp is fully restored (46).
Your mp is fully restored (11).
A jelly is nearby!
A jelly is nearby!
A hound comes into view.
The helpless jelly fails to defend itself.
You impale the jelly!!
You kill the jelly!
Casting: Olgreb's Toxic Radiance (dangerous; 2% risk of failure)
Confirm with . or Enter, or press ? or * to list all spells.
You begin to radiate toxic energy.
The hound barks!
The hound is poisoned.
The hound is distracted by your dazzling golden aura.
MP[-4]
You lost 4 mp, and now have 7/11 mp.
The hound is no longer distracted by gold.
The hound barks!
MP[+1]
Your toxic aura wanes.
The hound pauses to sniff the ground.
Casting: Olgreb's Toxic Radiance (dangerous; 2% risk of failure)
Confirm with . or Enter, or press ? or * to list all spells.
You begin to radiate toxic energy.
The hound looks even sicker. x2
You kill the hound!
Your Air Magic skill increases to level 6!
MP[-3]
You lost 3 mp, and now have 5/11 mp.
Your toxic aura wanes.
You now have 712 gold pieces (gained 6).
You now have 717 gold pieces (gained 5).
Done exploring.
MP[+6]
Your mp is fully restored (11).
Done exploring.
Done exploring.
Done exploring.
(D) Dungeon
Where to? (Enter - D:6 @ (x,y), ? - help)
There is a stone staircase leading down here.
You climb downwards.
There is a stone staircase leading up here.
A steam dragon comes into view.
The steam dragon hisses angrily.
Casting: Olgreb's Toxic Radiance (dangerous; 2% risk of failure)
Confirm with . or Enter, or press ? or * to list all spells.
Aiming: Poisonous Vapours (safe; 1% risk of failure)
Press: ? - help, Dir - move target, f - steam dragon
Aim: a steam dragon Poisonous vapours surround the steam dragon!
The steam dragon is poisoned.
MP[-2]
You lost 2 mp, and now have 9/11 mp.
Casting: Poisonous Vapours (safe; 1% risk of failure)
Confirm with . or Enter, or press ? or * to list all spells.
Aiming: Poisonous Vapours (safe; 1% risk of failure)
Press: ? - help, Dir - move target, f/p - steam dragon
Aim: a steam dragon (very poisoned) Poisonous vapours surround the steam dragon!
The steam dragon looks as sick as possible!
The steam dragon breathes steam at you. The ball of steam hits you!!
HP[-18] MP[-1]
You take 18 damage, and now have 28/46 hp.
MASSIVE DAMAGE!! (PAUSE)
You lost 1 mp, and now have 8/11 mp.
Casting: Poisonous Vapours (safe; 1% risk of failure)
Confirm with . or Enter, or press ? or * to list all spells.
You can't see any susceptible monsters within range! (Use Z to cast anyway.)
You are engulfed in a cloud of scalding steam.
* * * LOW HITPOINT WARNING * * *
HP[-6]
You take 6 damage, and now have 22/46 hp.
HP[+1] MP[+1] MP[+1]
Casting: Poisonous Vapours (safe; 1% risk of failure)
Confirm with . or Enter, or press ? or * to list all spells.
Aiming: Poisonous Vapours (safe; 1% risk of failure)
Press: ? - help, Dir - move target, f/p - steam dragon
Aim: a steam dragon (heavily wounded, very poisoned) Poisonous vapours surround the steam dragon!
The steam dragon looks as sick as possible!
MP[-1]
You lost 1 mp, and now have 9/11 mp.
The steam dragon breathes steam at you. The ball of steam hits you!!
* * * LOW HITPOINT WARNING * * *
HP[-22] MP[+1]
You take 22 damage, and now have 1/46 hp.
MASSIVE DAMAGE!! (PAUSE)
You are engulfed in a cloud of scalding steam.
You die...
Your body crumbles into a pile of gold.

Skill      XL: |  1  2  3  4  5  6  7  8 |
---------------+-------------------------+-----
Stealth        | 3 4 5 |  5.0
Poison Magic   | 4 5 7 8 10 | 10.0
Air Magic      | 2 6 |  6.0
Dodging        | |  2.0
Spellcasting   | |  2.0
Transmutations | |  1.0

Action                   |  1- 3 |  4- 6 |  7- 9 || total
-------------------------+-------+-------+-------++-------
Melee: Unarmed           |     6 |       |    30 ||    36
       Short sword       |    12 |       |       ||    12
       Whip              |     3 |       |       ||     3
       Constrict         |    14 |    14 |     4 ||    32
       Tentacles         |    11 |    14 |     7 ||    32
       Dagger            |    43 |    75 |    18 ||   136
       Punch             |       |     2 |     2 ||     4
 Cast: Sting             |     4 |    18 |     9 ||    31
       Poisonous Vapours |     7 |    21 |    11 ||    39
       Olgreb's Toxic Ra |       |     5 |    15 ||    20
Evoke: Wand              |       |       |     3 ||     3
  Use: Scroll            |       |       |     5 ||     5
       Potion            |       |       |     3 ||     3
 Stab: Sleeping          |     7 |    12 |     1 ||    20
Armor: Skin              |     3 |     7 |    31 ||    41
Dodge: Dodged            |    49 |    42 |    20 ||   111

Levels and vault maps discovered:
D:1:      amcnicky_arrival_double_pillar, layout_loops_ring,
          hellmonk_ecumenical_altar_slurped_away, minmay_statues_item
D:2:      layout_rooms, grunt_ministairs_9
D:3:      layout_basic, nicolae_gozag_cash_rules_everything_around_me,
          gammafunk_ghost_necromancy, roderic_batcave, uniq_grinder
D:4:      layout_basic, solitary_fountain, uniq_pikel
D:5:      layout_gridville
D:6:      layout_gridville, lightli_ossuary_entry_decrepit_ruins, uniq_eustachio
D:7:      nicolae_cairo_tiling_large_dashed, layout_basic,
          minmay_temple_entry_glassed_door, serial_shops, shop, serial_glass,
          glass_columns_b, glass_columns_b, grunt_decor_clamped,
          hangedman_decor_riveting

Notes
Turn   | Place    | Note
-------+----------+-------------------------------------------
     0 | D:1      | zeratav the Octopode Venom Mage began the quest for the
                  | Orb.
     0 | D:1      | Reached XP level 1. HP: 11/11 MP: 3/3
     0 | D:1      | magus.rc [v1.9.6]
   245 | D:1      | Reached skill level 3 in Stealth
   397 | D:1      | Reached XP level 2. HP: 15/17 MP: 5/5
   536 | D:1      | Reached skill level 4 in Poison Magic
   594 | D:1      | Found a faded altar of an unknown god.
  1061 | D:2      | Reached skill level 4 in Stealth
  1061 | D:2      | Reached XP level 3. HP: 17/21 MP: 6/6
  1069 | D:2      | HP: 3/21 [gnoll/+0 halberd (15)]
  1465 | D:2      | Learned a level 2 spell: Poisonous Vapours
  1538 | D:2      | You add the spells Tukima's Dance, Passage of Golubria and
                  | Yara's Violent Unravelling to your library.
  1823 | D:2      | You pick up a book of Party Tricks and begin reading...
  1823 | D:2      | You add the spells Apportation and Alistair's Intoxication
                  | to your library.
  1877 | D:2      | Reached XP level 4. HP: 27/27 MP: 1/7
  2057 | D:2      | Reached skill level 5 in Poison Magic
  2114 | D:2      | Reached skill level 5 in Stealth
  2197 | D:2      | You add the spells Borgnjor's Vile Clutch and Eringya's
                  | Noxious Bog to your library.
  2502 | D:3      | Found an opulent altar of Gozag.
  2671 | D:3      | Became a worshipper of Gozag Ym Sagoz the Greedy
  2799 | D:3      | Noticed Grinder
  3097 | D:3      | Reached XP level 5. HP: 21/31 MP: 4/8
  3265 | D:3      | Found a runed translucent gate.
  3265 | D:3      | Found a runed translucent gate.
  3265 | D:3      | Found a runed translucent gate.
  3266 | D:3      | Noticed kkgakdfjhgaksdf's ghost (amateur DgCj)
  3458 | D:4      | Noticed a lemure
  3525 | D:4      | Reached skill level 6 in Poison Magic
  3790 | D:4      | You pick up a book of Lightning and begin reading...
  3790 | D:4      | You add the spells Static Discharge, Lightning Bolt and
                  | Maxwell's Capacitive Coupling to your library.
  4079 | D:4      | Reached skill level 7 in Poison Magic
  4079 | D:4      | Reached XP level 6. HP: 36/36 MP: 5/9
  4696 | D:5      | Entered Level 5 of the Dungeon
  4758 | D:5      | Learned a level 4 spell: Olgreb's Toxic Radiance
  4778 | D:5      | Reached skill level 8 in Poison Magic
  5062 | D:5      | Reached XP level 7. HP: 41/41 MP: 1/10
  5170 | D:5      | Identified the +2 robe "Neoppex" {rN+ Stlth+}
  5415 | D:5      | You pick up a book of Party Tricks and begin reading...
  5905 | D:6      | Reached skill level 9 in Poison Magic
  5933 | D:6      | You pick up a book of Air and begin reading...
  5933 | D:6      | You add the spells Shock, Swiftness and Airstrike to your
                  | library.
  6025 | D:6      | Reached skill level 10 in Poison Magic
  6041 | D:6      | Reached skill level 1 in Air Magic
  6044 | D:6      | Reached skill level 2 in Air Magic
  6044 | D:6      | Reached XP level 8. HP: 23/46 MP: 5/11
  6322 | D:6      | Reached skill level 3 in Air Magic
  6533 | D:6      | HP: 16/69 [poisoned by an orc (curare-tipped dart)]
  6535 | D:6      | Reached skill level 4 in Air Magic
  6870 | D:6      | Learned a level 4 spell: Airstrike
  7020 | D:6      | Noticed Eustachio
  7037 | D:6      | Killed Eustachio
  7038 | D:6      | Reached skill level 5 in Air Magic
  7236 | D:6      | Reached skill level 6 in Air Magic
  7293 | D:7      | HP: 1/46 [something/ball of steam (22)]
  7294 | D:7      | Engulfed by a steam dragon's steam

Vanquished Creatures
  Eustachio (D:6)
  A black bear (D:6)
  2 ice beasts (D:6)
  An ogre (D:6)
  A lemure (D:4)
  A phantom (D:6)
  3 scorpions
  2 howler monkeys (D:6)
  2 jellies
  6 hounds
  2 orc priests
  2 orc wizards
  8 gnolls
  2 adders
  A shadow imp (D:5)
  3 ufetubi
  3 dart slugs
  10 orcs
  4 bats
  4 endoplasms
  4 giant cockroaches
  9 goblins
  7 hobgoblins
  9 kobolds
  A quokka (D:4)
  6 ball pythons
  2 frilled lizards
  8 rats
105 creatures vanquished.

Table legend:
 A = Non-vault XP
 B = Vault XP
 C = Vault XP percentage of total XP
 D = Non-vault monster count
 E = Vault monster count
 F = Vault count percentage of total count
                 A         B        C        D         E       F
            +---------+---------+-------+---------+---------+-------
      Total |    1763 |     209 |  10.6 |     100 |       4 |   3.8
            +---------+---------+-------+---------+---------+-------
        D:1 |      20 |       2 |   9.1 |      12 |       1 |   7.7
        D:2 |     101 |       4 |   3.8 |      25 |       2 |   7.4
        D:3 |      47 |       0 |   0.0 |       7 |       0 |   0.0
        D:4 |     217 |       0 |   0.0 |      21 |       0 |   0.0
        D:5 |     293 |       0 |   0.0 |      13 |       0 |   0.0
        D:6 |    1085 |     203 |  15.8 |      22 |       1 |   4.3
            +---------+---------+-------+---------+---------+-------

Illustrated notes

Table legend:
 A = Kills in this place as a percentage of kills in entire the game.
 B = Kills by you in this place as a percentage of kills by you in the entire game.
 C = Kills by friends in this place as a percentage of kills by friends in the entire game.
 D = Other kills in this place as a percentage of other kills in the entire game.
 E = Experience gained in this place as a percentage of experience gained in the entire game.
 F = Experience gained in this place divided by the number of levels of this place that you have seen.
                   A       B       C       D       E      F
               +-------+-------+-------+-------+-------+----------------------
         Total | 100.0 | 100.0 |   N/A |   N/A | 100.0 | 281.7
       Dungeon | 100.0 | 100.0 |   N/A |   N/A | 100.0 | 281.7
               +-------+-------+-------+-------+-------+----------------------

Table legend: (Time is in decaauts)
 A = Elapsed time spent in this place.
 B = Non-inter-level travel time spent in this place.
 C = Inter-level travel time spent in this place.
 D = Time resting spent in this place.
 E = Time spent auto-exploring this place.
 F = Levels seen in this place.
 G = Mean time per level.
                   A        B        C        D        E       F      G
               +--------+--------+--------+--------+--------+-----+--------+
         Total |   7298 |   6952 |    346 |   1548 |   4043 |   7 | 1042.6 |
       Dungeon |   7298 |   6952 |    346 |   1548 |   4043 |   7 | 1042.6 |
               +--------+--------+--------+--------+--------+-----+--------+

Top non-repeatable levels by time:
     D:5: 1724 daAuts
     D:4: 1402 daAuts
     D:1: 1238 daAuts
     D:2: 1110 daAuts
     D:3: 943 daAuts
     D:6: 846 daAuts
     D:7: 32 daAuts
